Map: Cerulean Fall LE

Players

liquidthermy (uThermal)

  • Race: Terran Terran
  • League: Master
  • Spawn Location: 7:00

LiquidSnute (Snute) - Winner!

  • Race: Zerg Zerg
  • Spawn Location: 1:00

Event: IEM Season 13 - Katowice Server Qualifiers Europe

VOD

Have the link to the VOD?

Description

Time

  • Played on: Jan. 8, 2019, 10 a.m.
  • Length: 13:33

All games in this series

Show
View Real Time Build Order
Export as new Build Order

liquidthermy Terran 

Build Orders: Reaper Expand, Hellion Banshee 

Get SALT Encoding   

  12  0:01  SCV  
  13  0:13  SCV  
  14  0:17  Supply Depot  
  14  0:25  SCV  
  15  0:38  SCV  
  15  0:40  Barracks  
  16  0:44  Refinery  
  16  0:50  SCV  
  17  1:02  SCV  
  18  1:15  SCV  
  19  1:27  Reaper  
  19  1:28  Orbital Command  
  20  1:39  Command Center  
  20  1:49  Supply Depot  
  20  1:53  SCV  
  21  1:59  Marine  
  22  2:05  SCV  
  22  2:07  Factory  
  23  2:13  Refinery  
  23  2:17  SCV  
  23  2:21  Barracks Reactor  
  24  2:29  SCV  
  25  2:41  SCV  
  26  2:52  Starport, Orbital Command  
  26  2:53  SCV  
  27  3:00  Hellion  
  27  3:01  Hellion  
  27  3:04  Barracks Tech Lab  
  31  3:06  SCV  
  32  3:13  Supply Depot  
  32  3:18  SCV x2  
  34  3:22  Hellion x2  
  38  3:30  SCV  
  38  3:31  SCV  
  40  3:35  Cloaking Field, Viking  
  42  3:42  SCV  
  42  3:43  SCV  
  42  3:44  Supply Depot  
  46  3:48  Hellion  
  46  3:49  Hellion  
  47  3:56  SCV x2  
  47  4:01  Barracks Tech Lab  
  49  4:05  Banshee  
  52  4:15  SCV  
  52  4:16  SCV  
  54  4:21  Command Center  
  54  4:25  Marine, Supply Depot  
  54  4:27  Stimpack  
  54  4:29  SCV x2  
  54  4:30  Factory Reactor  
  57  4:41  Barracks, SCV  
  57  4:42  Marine  
  57  4:44  Barracks  
  59  4:51  Engineering Bay  
  59  4:52  Engineering Bay  
  59  4:55  SCV  
  59  4:56  Refinery x2  
  60  5:00  Marine  
  60  5:01  SCV  
  62  5:07  Starport Reactor, SCV  
  62  5:13  SCV  
  64  5:15  Siege Tank  
  64  5:17  Supply Depot  
  64  5:20  SCV  
  68  5:23  Terran Infantry Armor Level 1, Terran Infantry Weapons Level 1  
  68  5:24  Marine  
  68  5:26  SCV  
  70  5:33  SCV  
  71  5:36  Barracks  
  71  5:37  Marine x2, Barracks  
  71  5:40  Orbital Command  
  74  5:42  SCV  
  74  5:44  Marine  
  74  5:46  Marine  
  74  5:47  Marine  
  77  5:54  Siege Tank  
  77  5:55  SCV  
  77  5:56  Marine, SCV  
  83  5:58  Medivac  
  83  6:01  Orbital Command  
  85  6:06  Supply Depot  
  85  6:07  Marine, Medivac  
  85  6:10  SCV  
  89  6:16  Armory  
  89  6:18  SCV, Supply Depot  
  89  6:21  Marine  
  89  6:23  SCV  
  89  6:24  Marine  
  93  6:26  Barracks Reactor  
  93  6:27  Marine  
  93  6:28  Barracks Reactor, Medivac  
  93  6:30  SCV  
  97  6:33  Marine, SCV  
  97  6:36  Supply Depot  
  97  6:38  Medivac  
  101  6:40  Marine x2  
  101  6:41  Marine  
  101  6:44  SCV  
  101  6:46  Marine  
  106  6:48  Supply Depot  
  106  6:49  Combat Shield  
  106  6:51  Marine  
  106  6:53  SCV  
  108  6:57  Siege Tank  
  112  7:01  Marine x2, SCV, Supply Depot  
  112  7:03  Medivac  
  112  7:06  Marine  
  112  7:08  Marine, SCV  
  115  7:09  Marine  
  115  7:11  Marine x2  
  115  7:12  Supply Depot  
  116  7:16  Medivac  
  116  7:17  Marine x2  
  116  7:19  Marine  
  112  7:26  Marine x4  
  112  7:33  Marine x2, Medivac  
  112  7:34  Marine x2  
  109  7:41  Marine  
  109  7:44  Marine x2, SCV  
  99  7:45  Marine x2  
  99  7:51  Marine x2  
  103  7:52  Marine  
  101  8:02  Marine x3, SCV  
  102  8:06  SCV  
  102  8:07  SCV  
  102  8:09  Marine, Armory  
  102  8:11  Marine  
  104  8:14  SCV  
  104  8:15  Marine x2  
  104  8:16  Marine  
  104  8:18  Marine, SCV  
  104  8:19  SCV  
  111  8:24  Marine, Supply Depot  
  112  8:27  Supply Depot  
  112  8:29  Siege Tank  
  112  8:30  Marine, SCV  
  117  8:45  Sensor Tower  
  117  8:46  Marine x3, SCV x3  
  117  8:47  Supply Depot  
  123  8:50  Marine x2  
  123  8:52  Medivac x2  
  123  8:53  Marine x3  
  132  9:05  Marine x2  
  132  9:06  Marine  
  132  9:08  Marine, Supply Depot  
  132  9:09  Marine, Siege Tank  
  138  9:10  Terran Infantry Weapons Level 2  
  138  9:14  Terran Infantry Armor Level 2, Supply Depot  
  138  9:17  Marine  
  138  9:18  Marine  
  140  9:26  Marine  
  140  9:29  Marine x6, Supply Depot  
  147  9:41  Terran Vehicle Weapons Level 1  
  147  9:42  Marine x2  
  147  9:43  Marine, Siege Tank  
  153  9:47  Marine x4  
  153  9:51  Supply Depot  
  157  9:55  Marine x2  
  159  10:00  Marine  
  159  10:01  Marine x2  
  159  10:05  Medivac x2  
  159  10:06  Supply Depot  
  166  10:12  Marine  
  161  10:18  Marine x2  
  161  10:19  Siege Tank  
  163  10:28  Marine x2  
  163  10:31  Marine  
  163  10:32  Marine  
  163  10:33  Marine  
  163  10:34  Marine x2  
  163  10:35  Supply Depot  
  168  10:36  Marine  
  168  10:38  Marine  
  169  10:46  Marine x2  
  169  10:49  Marine  
  160  10:50  Marine  
  160  10:51  Siege Tank  
  160  10:56  Medivac  
  141  11:00  Marine x2, Medivac  
  141  11:03  Marine  
  145  11:06  Marine x2  
  145  11:23  Supply Depot  
  138  12:26  Supply Depot  
  138  12:27  Supply Depot  
  135  12:46  Supply Depot  
  135  12:47  Marine x3, Supply Depot x2, Medivac x2  
  135  12:48  Marine x5, Siege Tank  
  146  13:08  Marine x9  
Show
View Real Time Build Order
Export as new Build Order

LiquidSnute Zerg - Winner!

Build Orders: Hatch First 

Get SALT Encoding   

  12  0:00  Drone  
  13  0:12  Overlord  
  13  0:17  Drone  
  14  0:30  Drone x2  
  14  0:34  Drone  
  17  0:51  Hatchery  
  17  0:54  Drone  
  17  0:57  Drone  
  17  1:01  Extractor  
  17  1:13  Spawning Pool  
  17  1:16  Drone  
  17  1:19  Drone  
  18  1:28  Drone  
  19  1:38  Overlord  
  19  1:49  Drone  
  20  2:00  Queen, Metabolic Boost  
  22  2:03  Queen  
  22  2:04  Zergling x2  
  22  2:08  Zergling x2  
  26  2:11  Drone  
  26  2:14  Drone  
  28  2:23  Drone  
  28  2:25  Drone  
  28  2:28  Spore Crawler  
  29  2:33  Drone  
  29  2:35  Queen, Drone  
  33  2:43  Overlord  
  34  2:46  Drone  
  35  2:54  Drone  
  35  2:58  Overlord  
  36  3:05  Zergling x2  
  37  3:07  Drone x3  
  37  3:09  Drone  
  37  3:12  Drone x3  
  44  3:17  Drone  
  45  3:24  Drone  
  45  3:26  Queen, Hatchery  
  47  3:29  Overlord  
  47  3:32  Drone  
  48  3:38  Drone x2  
  48  3:39  Drone  
  51  3:43  Drone  
  51  3:44  Overlord  
  51  3:48  Extractor, Drone  
  53  3:49  Drone  
  54  3:55  Drone  
  54  4:00  Drone  
  55  4:04  Lair  
  55  4:05  Queen, Drone  
  58  4:15  Overlord, Zergling x2  
  58  4:16  Zergling x8  
  63  4:21  Overlord  
  62  4:27  Overlord  
  62  4:31  Baneling Nest  
  62  4:32  Overlord  
  62  4:33  Evolution Chamber  
  60  4:39  Drone x2  
  60  4:41  Queen x2  
  65  4:47  Drone  
  65  4:48  Spore Crawler  
  65  4:49  Spore Crawler  
  65  4:52  Spore Crawler  
  63  4:53  Drone  
  63  4:55  Drone  
  63  4:57  Drone  
  63  4:58  Drone  
  67  5:01  Drone x2  
  69  5:08  Zerg Ground Armor Level 1  
  69  5:11  Zergling x8  
  73  5:14  Drone x2  
  73  5:17  Queen  
  73  5:18  Centrifical Hooks  
  77  5:22  Drone x3  
  77  5:24  Drone  
  77  5:27  Drone x2  
  83  5:33  Drone x2  
  85  5:36  Drone x3  
  85  5:40  Queen  
  90  5:53  Overlord x2, Extractor  
  90  5:54  Hydralisk Den  
  90  5:56  Extractor  
  87  5:57  Hatchery  
  86  6:07  Overlord, Hatchery  
  86  6:08  Drone x2  
  86  6:09  Drone x3  
  90  6:16  Zergling x14  
  97  6:22  Zergling x6  
  97  6:25  Grooved Spines  
  99  6:29  Drone  
  99  6:30  Evolution Chamber, Drone x2  
  99  6:32  Extractor  
  99  6:42  Drone x3  
  99  6:44  Hydralisk x6  
  114  6:54  Baneling x8  
  114  6:55  Overlord x2  
  114  7:12  Zergling x18  
  114  7:13  Zergling x2  
  120  7:16  Zergling x12  
  120  7:22  Zergling x6  
  122  7:23  Zergling x4  
  122  7:27  Zergling x2  
  122  7:28  Zergling x2  
  118  7:32  Baneling x8  
  118  7:35  Zergling x6  
  99  7:44  Overlord x2  
  99  7:45  Overlord  
  99  7:46  Overlord  
  87  7:59  Zergling x2  
  87  8:00  Zergling x12  
  87  8:03  Drone x7  
  99  8:07  Zerg Ground Armor Level 2  
  99  8:11  Muscular Augments  
  99  8:12  Evolution Chamber, Drone  
  99  8:13  Drone x4  
  99  8:19  Baneling x7  
  103  8:20  Baneling x5  
  103  8:23  Hydralisk x3  
  109  8:31  Drone x3  
  112  8:40  Zerg Melee Weapons Level 1  
  112  8:42  Hydralisk x4  
  112  8:44  Overlord, Hatchery  
  112  8:45  Overlord  
  112  8:47  Zergling x2  
  112  8:48  Zergling x2  
  121  8:52  Baneling x6  
  116  9:08  Zergling x2  
  116  9:09  Zergling x34  
  132  9:13  Zergling x6  
  135  9:20  Zergling x8  
  139  9:33  Baneling x11  
  139  9:34  Baneling x6  
  139  9:36  Zergling x4  
  139  9:38  Overlord x3  
  141  9:41  Zerg Missile Weapons Level 1  
  141  9:49  Overlord  
  141  9:55  Overlord x2  
  141  9:56  Zergling x14  
  141  9:57  Zergling x14  
  141  9:58  Queen x3  
  141  9:59  Queen  
  163  10:01  Zergling x2  
  164  10:08  Baneling x10  
  164  10:09  Baneling  
  161  10:18  Zergling x26  
  166  10:29  Zergling x20  
  175  10:40  Zergling x2  
  175  10:41  Zergling x10  
  177  10:46  Zergling x2  
  177  10:47  Zergling x8  
  179  10:55  Baneling x12  
  179  10:56  Baneling x18  
  150  11:10  Zergling x14  
  150  11:11  Zergling x10  
  140  11:31  Zergling x20  
  150  11:35  Hatchery  
  147  11:48  Hydralisk x7  
  154  12:01  Hydralisk x7  
  152  12:06  Zergling x10  
  162  12:20  Baneling x10  
  162  12:21  Baneling  
  162  12:22  Hatchery  
  158  12:39  Zergling x44  
  158  12:40  Zergling x2  
  181  12:57  Zergling x26  
  191  13:01  Baneling x17  
  191  13:02  Baneling x5  
  191  13:05  Zergling x2  
  191  13:06  Zergling x6  
  195  13:15  Zergling x2  

Tags
 
Add a new tag
Caveats
  • Supply blocks, unpowered buildings, or Contaminate may cause inaccurate times.
  • Supply counts are checked every 10 seconds.